 Dungeon Crawl Stone Soup version 0.29.0-5-ge4962eb29e (webtiles) character file.

Game seed: 1935517412680741373

13378 Godmorgon the Blocker (level 12, -3/99 HPs)
             Began as a Gnoll Fighter on Aug 27, 2022.
             Was a Follower of Ashenzari.
             Slain by a minotaur
             ... wielding a +6 spectral quarterstaff
              (22 damage)
             ... in a Gauntlet on Aug 28, 2022.
             The game lasted 01:15:38 (11983 turns).

Godmorgon the Blocker (Gnoll Fighter)              Turns: 11983, Time: 01:15:39

Health: -3/99      AC: 20    Str: 22    XL:     12   Next: 5%
Magic:  0/24       EV: 13    Int:  7    God:    Ashenzari [*.....]
Gold:   306        SH: 12    Dex: 11    Spells: 27/27 levels left

rFire   + + .      SeeInvis .   b - +3 morningstar (flame)
rCold   + . .      Faith    .   I - +1 kite shield {rC+ rF+}
rNeg    . . .      Spirit   +   H - +2 chain mail of Desmomancy {rF+, Fort, Self} (curse)
rPois   .          Reflect  .   (no helmet)
rElec   .          Harm     .   E - +0 cloak
rCorr   .          Rampage  .   K - +0 pair of gloves
Will    .....      NoTele   +   (no boots)
Stlth   +.........              B - amulet of the Wild Blue Yonder {Spirit, Melee, Cun} (curse)
HPRegen 0.26/turn               S - +4 ring of evasion
MPRegen 0.19/turn               D - +4 ring of protection

@: no status effects
A: fangs 1, strong nose, distributed training
a: Renounce Religion, Curse Item, Shatter the Chains


You were in a Gauntlet.
You worshipped Ashenzari.
Ashenzari was aware of your devotion.
You visited 3 branches of the dungeon, and saw 12 of its levels.
You also visited: Gauntlet.

You collected 740 gold pieces.
You spent 434 gold pieces at shops.

Inventory:

Hand Weapons
 a - the +2 mace of Luices {freeze, rPois Will+}
   (You found it on level 2 of the Dungeon)

   It freezes those it strikes, dealing additional cold damage.
   It can also slow down cold-blooded creatures.
   rPois:     It protects you from poison.
   Will:      It increases your willpower.
 b - a +3 morningstar of flaming (weapon)
 c - a +2 short sword of electrocution
 e - the +9 quarterstaff of Jocular Prudence {flame, SInv}
   (You found it in a Gauntlet)

   It burns those it strikes, dealing additional fire damage.
   SInv:      It lets you see invisible.
Missiles
 f - a throwing net
 w - 39 poisoned darts
 A - 3 boomerangs
 P - 2 silver javelins (quivered)
Armour
 E - a +0 cloak (worn)
 H - the cursed +2 chain mail of Desmomancy (worn) {rF+, Fort, Self}
   (You bought it in a shop on level 8 of the Dungeon)

   It has a curse which improves the following skills: Fortitude: Armour and
   Shields.
   Introspection: Fighting and Spellcasting.
 I - a +1 kite shield of resistance (worn)
 K - a +0 pair of gloves (worn)
Jewellery
 g - a ring of protection from fire
 i - a ring of positive energy
 k - an amulet of regeneration
 y - a ring of see invisible
 B - the cursed amulet of the Wild Blue Yonder (around neck) {Spirit, Melee, Cun}
   (You found it on level 6 of the Dungeon)

   [amulet of guardian spirit]

   It causes incoming damage to be divided between your reserves of health and
   magic.
   It has a curse which improves the following skills: Melee Combat: Short
   Blades, Long Blades, Axes, Maces & Flails, Polearms, Staves and Unarmed
   Combat.
   Cunning:   Dodging and Stealth.
 D - a +4 ring of protection (right hand)
 S - a +4 ring of evasion (left hand)
Wands
 l - a wand of roots (1)
 z - a wand of flame (22)
 G - a wand of charming (13)
 N - a wand of mindburst (8)
Scrolls
 m - 2 scrolls of immolation
 p - 2 scrolls of fear
 q - a scroll of magic mapping
 u - a scroll of butterflies
 x - 6 scrolls of teleportation
 C - a scroll of silence
 L - a scroll of summoning
 Q - a scroll of blinking
Potions
 d - 2 potions of might
 h - 5 potions of curing
 j - 2 potions of invisibility
 n - 3 potions of haste
 o - 2 potions of heal wounds
 r - 3 potions of flight
 s - 2 potions of lignification
 t - 3 potions of cancellation
 v - 3 potions of brilliance
 F - a potion of berserk rage
 M - 2 potions of resistance
 O - 6 potions of ambrosia


   Skills:
 + Level 9.8(10.6) Fighting
 + Level 7.1(8.0) Short Blades
 + Level 7.1(8.0) Long Blades
 + Level 7.1(8.0) Axes
 + Level 8.6(9.4) Maces & Flails
 + Level 7.1(8.0) Polearms
 + Level 7.1(8.0) Staves
 + Level 7.1 Ranged Weapons
 + Level 7.1 Throwing
 + Level 9.8(10.6) Armour
 + Level 7.1(8.0) Dodging
 + Level 7.1(8.0) Stealth
 + Level 9.8(10.6) Shields
 + Level 7.1(8.0) Unarmed Combat
 + Level 7.1(8.0) Spellcasting
 + Level 5.9 Conjurations
 + Level 5.9 Hexes
 + Level 5.9 Summonings
 + Level 5.9 Necromancy
 + Level 5.9 Translocations
 + Level 5.9 Transmutations
 + Level 5.9 Fire Magic
 + Level 5.9 Ice Magic
 + Level 5.9 Air Magic
 + Level 5.9 Earth Magic
 + Level 5.9 Poison Magic
 + Level 7.8 Invocations
 + Level 7.1 Evocations


You had 27 spell levels left.
You didn't know any spells.
Your spell library contained the following spells:

 Spells                   Type           Power      Damage    Failure   Level
 Sting                    Tmut/Pois      44%        1d5       24%         1
 Summon Small Mammal      Summ           44%        N/A       24%         1
 Poisonous Vapours        Pois/Air       22%        N/A       34%         2
 Call Canine Familiar     Summ           11%        N/A       56%         3
 Gell's Gravitas          Tloc           11%        N/A       56%         3
 Ignite Poison            Fire/Tmut/Pois 11%        N/A       56%         3
 Lesser Beckoning         Tloc           11%        N/A       56%         3
 Mephitic Cloud           Conj/Pois/Air  11%        N/A       56%         3
 Ozocubu's Armour         Ice            11%        N/A       56%         3
 Summon Guardian Golem    Hex/Summ       11%        N/A       56%         3
 Teleport Other           Tloc           11%        N/A       56%         3
 Corpse Rot               Necr/Pois/Air  11%        N/A       93%         4
 Olgreb's Toxic Radiance  Pois           11%        N/A       93%         4
 Freezing Cloud           Conj/Ice/Air   5%         6-21      100%        5
 Ozocubu's Refrigeration  Ice            5%         4d8       100%        7


Dungeon Overview and Level Annotations

Branches:
Dungeon (10/15)            Temple (1/1) D:7            Lair (1/5) D:10
Gauntlet (1/1)
    Orc: D:9-12

Altars:
Ashenzari
Cheibriados
Dithmenos
Elyvilon
Fedhas
Gozag
Hepliaklqana
Kikubaaqudgha
Makhleb
Nemelex Xobeh
Okawaru
Qazlal
Ru
Sif Muna
Trog
Uskayaw
Vehumet
Wu Jian
Xom
Yredelemnul
Zin
The Shining One

Shops:
D:8 [

Annotations:
Gauntlet 6 transporters, 1 runed translucent door


Innate Abilities, Weirdness & Mutations

You have very sharp teeth.
Your uncanny sense of smell can sniff out nearby items.
Your experience applies equally to all skills.


Message History

The minotaur gores you but does no damage.
You sock the minotaur! You burn the minotaur.
The minotaur is heavily wounded.
The minotaur hits you with a +6 spectral quarterstaff.
The minotaur gores you!
You sock the minotaur! You burn the minotaur.
You bite the minotaur, but do no damage.
The minotaur is severely wounded.
The minotaur hits you but does no damage.
The minotaur gores you but does no damage.
You barely miss the minotaur.
The minotaur is almost dead.
The minotaur looks more healthy.
You block the minotaur's attack.
The minotaur gores you but does no damage.
You hit the minotaur. You burn the minotaur.
The minotaur is almost dead.
You block the minotaur's attack. The minotaur barely misses you.
You barely miss the minotaur.
The minotaur furiously retaliates!
The minotaur headbutts you, but does no damage.
The minotaur is almost dead.
The minotaur hits you with a +6 spectral quarterstaff.
The minotaur gores you.
The minotaur hits you with a +6 spectral quarterstaff!!
The minotaur gores you.
You barely miss the minotaur.
You bite the minotaur, but do no damage.
The minotaur is almost dead.
You feel a little less agile now.
The minotaur hits you with a +6 spectral quarterstaff!
The minotaur gores you but does no damage.
You hit the minotaur but do no damage.
The minotaur is almost dead.
The minotaur hits you with a +6 spectral quarterstaff!
* * * LOW HITPOINT WARNING * * *
The minotaur gores you.
* * * LOW HITPOINT WARNING * * *
You barely miss the minotaur.
The minotaur is almost dead.
The minotaur hits you with a +6 spectral quarterstaff!!
You die...

.. ### #. #∩#
#.##(# ..#.# .
#.#H# .#
###.##.#@###.##.
#...............
.##.##.##.##.##
#.##.##.##.##.##
#...............
##.##.##.##.##.
#.##.##.##.##.##
................
⌠.⌠.⌠.©.©.⌠.⌠.⌠.


You could see a minotaur.

Vanquished Creatures
  Erolcha (D:9)
  A catoblepas (Lair:1)
  3 death yaks (D:10)
  A moth of wrath (Gauntlet)
  An apocalypse crab (Gauntlet)
  3 elephants (Gauntlet)
  Maggie (D:10)
  A torpor snail (Gauntlet)
  A komodo dragon (Lair:1)
  Prince Ribbit (D:8)
  A queen bee (D:9)
  Sigmund (D:2)
  A shadow (D:10)
  6 yaks (D:10)
  A wyvern (D:9)
  3 steam dragons
  An acid dragon (D:8)
  Edmund (D:5)
  3 water moccasins
  2 orc warriors
  2 ice beasts
  3 sky beasts
  A black bear (D:7)
  4 wolves (Gauntlet)
  4 ogres
  2 phantoms
  4 kobold brigands
  9 bullfrogs
  4 gnoll sergeants
  A scorpion (D:7)
  2 necrophages
  3 wights (D:8)
  27 killer bees (D:9)
  4 howler monkeys
  A jelly (D:7)
  2 gnoll boudas
  6 hounds
  5 orc priests
  2 iguanas
  Ijyb (D:5)
  2 orc wizards (D:2)
  A human simulacrum (D:10)
  32 gnolls
  8 adders
  A shadow imp (D:5)
  An ufetubus (D:5)
  6 worms
  The ghost of Zeldest the Sneak, a weakling FoDe (D:4)
  4 dart slugs
  25 orcs
  6 endoplasms
  3 giant cockroaches
  10 goblins
  7 hobgoblins
  3 jackals (D:1)
  13 quokkas
  9 ball pythons
  A bat (D:3)
  3 frilled lizards (D:1)
  25 kobolds
  9 rats
291 creatures vanquished.

Vanquished Creatures (others)
  A human simulacrum (D:10)
  2 fungi (Lair:1)
  19 plants
22 creatures vanquished.

Grand Total: 313 creatures vanquished

Notes
Turn   | Place    | Note
-------+----------+-------------------------------------------
     0 | D:1      | Godmorgon the Gnoll Fighter began the quest for the Orb.
     0 | D:1      | Reached XP level 1. HP: 23/23 MP: 1/1
     2 | D:1      | Noticed a palentonga
     2 | D:1      | Noticed a vine stalker
     4 | D:1      | Noticed a human
     4 | D:1      | Noticed a tengu
     6 | D:1      | Noticed a naga
     6 | D:1      | Noticed a merfolk
     8 | D:1      | Noticed a draconian
    10 | D:1      | Noticed an ogre
    10 | D:1      | Noticed an octopode
    12 | D:1      | Noticed a ghoul
    14 | D:1      | Noticed a vampire
    14 | D:1      | Noticed a gargoyle
    16 | D:1      | Noticed an elf
    16 | D:1      | Noticed a formicid
    18 | D:1      | Noticed a demonspawn
    20 | D:1      | Noticed a troll
    20 | D:1      | Noticed a spriggan
    22 | D:1      | Noticed a felid
    22 | D:1      | Noticed a meteoran
    24 | D:1      | Noticed a demigod
    24 | D:1      | Noticed a spriggan
    26 | D:1      | Noticed a naga
    26 | D:1      | Noticed an octopode
   215 | D:1      | Reached XP level 2. HP: 29/29 MP: 2/2
   392 | D:1      | Reached XP level 3. HP: 35/35 MP: 2/4
   741 | D:1      | Reached skill level 1 in Invocations
  1123 | D:2      | Reached skill level 1 in Short Blades
  1123 | D:2      | Reached skill level 1 in Long Blades
  1123 | D:2      | Reached skill level 1 in Axes
  1123 | D:2      | Reached skill level 1 in Polearms
  1123 | D:2      | Reached skill level 1 in Staves
  1123 | D:2      | Reached skill level 1 in Ranged Weapons
  1123 | D:2      | Reached skill level 1 in Throwing
  1123 | D:2      | Reached skill level 1 in Dodging
  1123 | D:2      | Reached skill level 1 in Stealth
  1123 | D:2      | Reached skill level 1 in Unarmed Combat
  1123 | D:2      | Reached skill level 1 in Spellcasting
  1123 | D:2      | Reached skill level 1 in Evocations
  1193 | D:2      | Noticed Sigmund
  1222 | D:2      | Reached XP level 4. HP: 36/41 MP: 5/5
  1238 | D:2      | Reached skill level 1 in Conjurations
  1238 | D:2      | Reached skill level 1 in Hexes
  1238 | D:2      | Reached skill level 1 in Summonings
  1238 | D:2      | Reached skill level 1 in Necromancy
  1238 | D:2      | Reached skill level 1 in Translocations
  1238 | D:2      | Reached skill level 1 in Transmutations
  1238 | D:2      | Reached skill level 1 in Fire Magic
  1238 | D:2      | Reached skill level 1 in Ice Magic
  1238 | D:2      | Reached skill level 1 in Air Magic
  1238 | D:2      | Reached skill level 1 in Earth Magic
  1238 | D:2      | Reached skill level 1 in Poison Magic
  1242 | D:2      | Killed Sigmund
  1243 | D:2      | Reached XP level 5. HP: 18/47 MP: 5/7
  1243 | D:2      | Reached XP level 6. HP: 21/53 MP: 5/8
  1249 | D:2      | Reached skill level 5 in Maces & Flails
  1527 | D:2      | Identified the +2 mace of Luices {freeze, rPois Will+}
  2454 | D:3      | Found a faded altar of an unknown god.
  2993 | D:4      | Found a large runed translucent door.
  2993 | D:4      | Found a large runed translucent door.
  3129 | D:4      | Reached XP level 7. HP: 60/60 MP: 10/10
  3434 | D:4      | Noticed Zeldest's ghost (weakling FoDe)
  3442 | D:4      | Killed Zeldest's ghost
  3486 | D:5      | Entered Level 5 of the Dungeon
  3566 | D:5      | Noticed Ijyb
  3577 | D:5      | Killed Ijyb
  3704 | D:5      | Noticed Edmund
  3710 | D:5      | Killed Edmund
  3795 | D:5      | Reached XP level 8. HP: 55/67 MP: 12/12
  4278 | D:5      | Found a bloodstained altar of Trog.
  4717 | D:5      | Reached XP level 9. HP: 40/73 MP: 13/15
  4975 | D:6      | Found an ancient bone altar of Kikubaaqudgha.
  5530 | D:7      | Reached skill level 5 in Invocations
  6327 | D:7      | Found a staircase to the Ecumenical Temple.
  6336 | Temple   | Entered the Ecumenical Temple
  6418 | Temple   | Became a worshipper of Ashenzari the Shackled
  6632 | D:7      | Found a sparkling altar of Nemelex Xobeh.
  6823 | D:8      | Found Banelich's Antique Armour Shoppe.
  6829 | D:8      | Bought a runed chain mail for 217 gold pieces
  6829 | D:8      | Bought a shiny kite shield for 217 gold pieces
  7012 | D:8      | Found the +7 Kryia's mail coat {PotionHeal*2 rC+}
  7018 | D:8      | Noticed Prince Ribbit
  7040 | D:8      | Killed Prince Ribbit
  7041 | D:8      | Reached skill level 5 in Short Blades
  7041 | D:8      | Reached skill level 5 in Long Blades
  7041 | D:8      | Reached skill level 5 in Axes
  7041 | D:8      | Reached skill level 5 in Polearms
  7041 | D:8      | Reached skill level 5 in Staves
  7041 | D:8      | Reached skill level 5 in Ranged Weapons
  7041 | D:8      | Reached skill level 5 in Throwing
  7041 | D:8      | Reached skill level 5 in Dodging
  7041 | D:8      | Reached skill level 5 in Stealth
  7041 | D:8      | Reached skill level 5 in Unarmed Combat
  7041 | D:8      | Reached skill level 5 in Spellcasting
  7041 | D:8      | Reached skill level 5 in Evocations
  7041 | D:8      | Reached XP level 10. HP: 81/81 MP: 17/17
  8004 | D:9      | Noticed Erolcha
  8564 | D:9      | Found a stormy altar of Qazlal.
  8564 | D:9      | Found a hazy altar of Hepliaklqana.
  8565 | D:9      | Found a burning altar of Makhleb.
  8566 | D:9      | Found an opulent altar of Gozag.
  8566 | D:9      | Found a radiant altar of Vehumet.
  8566 | D:9      | Found a white marble altar of Elyvilon.
  8568 | D:9      | Found a shimmering blue altar of Sif Muna.
  8568 | D:9      | Found an iron altar of Okawaru.
  8568 | D:9      | Found a sacrificial altar of Ru.
  8958 | D:9      | Killed Erolcha
  9256 | D:9      | Reached skill level 5 in Conjurations
  9256 | D:9      | Reached skill level 5 in Hexes
  9256 | D:9      | Reached skill level 5 in Summonings
  9256 | D:9      | Reached skill level 5 in Necromancy
  9256 | D:9      | Reached skill level 5 in Translocations
  9256 | D:9      | Reached skill level 5 in Transmutations
  9256 | D:9      | Reached skill level 5 in Fire Magic
  9256 | D:9      | Reached skill level 5 in Ice Magic
  9256 | D:9      | Reached skill level 5 in Air Magic
  9256 | D:9      | Reached skill level 5 in Earth Magic
  9256 | D:9      | Reached skill level 5 in Poison Magic
  9291 | D:9      | Reached XP level 11. HP: 74/89 MP: 18/20
  9727 | D:9      | Reached * piety under Ashenzari
  9978 | D:9      | Upgraded the game from 0.29.0-4-gdea44cf6ec to
                  | 0.29.0-5-ge4962eb29e
  9980 | D:10     | Entered Level 10 of the Dungeon
 10446 | D:10     | Noticed Maggie
 10462 | D:10     | Killed Maggie
 10514 | D:10     | Noticed a death yak
 10529 | D:10     | Noticed a death yak
 10531 | D:10     | Noticed a death yak
 10537 | D:10     | Killed a death yak
 10549 | D:10     | Killed a death yak
 10558 | D:10     | Killed a death yak
 10719 | D:10     | Found a staircase to the Lair.
 11083 | Lair:1   | Entered Level 1 of the Lair of Beasts
 11084 | Lair:1   | Noticed a catoblepas
 11123 | Lair:1   | Killed a catoblepas
 11486 | Lair:1   | Found a gate leading to a gauntlet.
 11495 | Gauntlet | Entered a Gauntlet
 11495 | Gauntlet | Found a transporter.
 11495 | Gauntlet | Found a transporter.
 11495 | Gauntlet | Found a runed translucent gate.
 11495 | Gauntlet | Found a runed translucent gate.
 11496 | Gauntlet | Found a runed translucent gate.
 11496 | Gauntlet | Found a runed translucent door.
 11497 | Gauntlet | Found a transporter.
 11497 | Gauntlet | Identified the +9 quarterstaff of Jocular Prudence {flame,
                  | SInv}
 11499 | Gauntlet | Found a transporter.
 11501 | Gauntlet | Found a transporter.
 11501 | Gauntlet | Found a transporter.
 11503 | Gauntlet | Noticed a moth of wrath
 11614 | Gauntlet | Noticed a salamander
 11620 | Gauntlet | Found a transporter.
 11620 | Gauntlet | Found a transporter.
 11620 | Gauntlet | Identified the +2 cloak "Vodylen" {Harm Str+2 Int+3}
 11624 | Gauntlet | Found a transporter.
 11624 | Gauntlet | Found a transporter.
 11626 | Gauntlet | Noticed an entropy weaver
 11676 | Gauntlet | Noticed a harpy
 11676 | Gauntlet | a queen bee changed into a harpy
 11691 | Gauntlet | Killed a moth of wrath
 11706 | Gauntlet | Reached XP level 12. HP: 57/98 MP: 11/23
 11880 | Gauntlet | Found a transporter.
 11880 | Gauntlet | Found a transporter.
 11962 | Gauntlet | Identified the Excursus on Changed Poisoning
 11962 | Gauntlet | Noticed a minotaur
 11983 | Gauntlet | Slain by a minotaur

Illustrated notes

Levels and vault maps discovered:
D:1:      kb_arrival_jail, layout_basic, roderic_lattice_a, minmay_quantized
D:2:      layout_loops_ring, patterned_corridor, uniq_sigmund
D:3:      layout_basic, shapermc_ecumenical_altar_notcrosses,
          serial_bayou_pond_b, minmay_statues_item,
          minmay_misc_feat_more_columns
D:4:      wad_woods_tower, layout_loops_cross, ebering_ghost_disaster_area,
          minmay_misc_feat_secret_circle
D:5:      layout_basic, kennysheep_mini_moat, uniq_edmund, uniq_ijyb
D:6:      layout_basic, kiku_gazebo_garden_becter, lightli_orcish_oven
D:7:      layout_basic, nemelex_xobeh_ov_fountains_minmay,
          lemuel_temple_firewalk_a
D:8:      layout_basic, serial_shops, shop, nrook_uturn, uniq_prince_ribbit1
D:9:      layout_basic, nicolae_overflows_in_rows, special_room
          [special_room_bee], hangedman_misty_isle, uniq_erolcha
D:10:     layout_rooms, dpeg_lair_monsters, bh_circular_ruins, uniq_maggie
Temple:   eino_temple_lava
Lair:1:   layout_loops_ring, gauntlet_entry_generic,
          nicolae_quartered_pool_super
Gauntlet: minmay_gauntlet_77_indecision [minmay_gauntlet_arena_77_path,
          minmay_gauntlet_arena_77_run_for_it, minmay_gauntlet_arena_77_braids,
          minmay_gauntlet_arena_77_broken_ladder,
          minmay_gauntlet_arena_77_two_paths, minmay_gauntlet_arena_77_squiggly,
          gauntlet_exit_green]

Skill      XL: |  1  2  3  4  5  6  7  8  9 10 11 |
---------------+----------------------------------+-----
Invocations    | 1 2 3 4 5 6 7 |  7.8
Short Blades   | 1 2 3 4 5 6 7 |  7.1
Long Blades    | 1 2 3 4 5 6 7 |  7.1
Axes           | 1 2 3 4 5 6 7 |  7.1
Polearms       | 1 2 3 4 5 6 7 |  7.1
Staves         | 1 2 3 4 5 6 7 |  7.1
Ranged Weapons | 1 2 3 4 5 6 7 |  7.1
Throwing       | 1 2 3 4 5 6 7 |  7.1
Dodging        | 1 2 3 4 5 6 7 |  7.1
Stealth        | 1 2 3 4 5 6 7 |  7.1
Unarmed Combat | 1 2 3 4 5 6 7 |  7.1
Spellcasting   | 1 2 3 4 5 6 7 |  7.1
Evocations     | 1 2 3 4 5 6 7 |  7.1
Conjurations   | 1 2 3 4 5 |  5.9
Hexes          | 1 2 3 4 5 |  5.9
Summonings     | 1 2 3 4 5 |  5.9
Necromancy     | 1 2 3 4 5 |  5.9
Translocations | 1 2 3 4 5 |  5.9
Transmutations | 1 2 3 4 5 |  5.9
Fire Magic     | 1 2 3 4 5 |  5.9
Ice Magic      | 1 2 3 4 5 |  5.9
Air Magic      | 1 2 3 4 5 |  5.9
Earth Magic    | 1 2 3 4 5 |  5.9
Poison Magic   | 1 2 3 4 5 |  5.9
Maces & Flails | 5 6 7 8 |  8.6
Fighting       | 7 8 9 |  9.8
Armour         | 7 8 9 |  9.8
Shields        | 7 8 9 |  9.8

Action                   |  1- 3 |  4- 6 |  7- 9 | 10-12 || total
-------------------------+-------+-------+-------+-------++-------
Melee: Flail             |    21 |       |   250 |    13 ||   284
       Bite              |     8 |     8 |    39 |    73 ||   128
       Mace              |    58 |   139 |   107 |   320 ||   624
       Short sword       |       |       |       |   101 ||   101
       Morningstar       |       |       |       |   105 ||   105
Throw: Dart              |       |     2 |    18 |    44 ||    64
       Javelin           |       |     1 |    27 |     7 ||    35
       Boomerang         |       |       |     9 |     5 ||    14
Invok: Curse Item        |       |       |       |     2 ||     2
Evoke: Wand              |       |       |       |     9 ||     9
  Use: Potion            |     1 |       |       |     4 ||     5
       Scroll            |       |       |     8 |     7 ||    15
 Stab: Invisible         |       |       |       |     1 ||     1
Armor: Scale mail        |    36 |    37 |    17 |       ||    90
       Chain mail        |       |       |   142 |   315 ||   457
Dodge: Dodged            |    35 |    58 |   164 |   250 ||   507
Block: Buckler           |    16 |    30 |    94 |       ||   140
       Kite shield       |       |       |    12 |   316 ||   328
